 Dungeon Crawl Stone Soup version 0.25.0-9-g26727b657a (webtiles) character file.

Game seed: 321501103854962789

2251 Delamore the Basher (level 9, -1/51 HPs)
             Began as a Gargoyle Fighter on June 17, 2020.
             Was a Believer of Okawaru.
             Slain by a two-headed ogre
             ... wielding a +0 giant club
              (20 damage)
             ... on level 8 of the Dungeon.
             The game lasted 00:14:30 (7766 turns).

Delamore the Basher (Gargoyle Fighter)              Turns: 7766, Time: 00:14:30

Health: -1/51      AC: 17    Str: 23    XL:     9   Next: 37%
Magic:  7/9        EV: 12    Int: 15    God:    Okawaru [**....]
Gold:   363        SH:  5    Dex:  9    Spells: 8/8 levels left

rFire    . . .     SeeInvis .   a - +0 flail
rCold    . . .     Gourm    .   p - +0 buckler
rNeg     + . .     Faith    .   b - +0 scale mail
rPois    ∞         Spirit   .   (no helmet)
rElec    +         Reflect  .   (no cloak)
rCorr    .         Harm     .   (no gloves)
MR       .....                  A - +1 pair of boots
Stlth    ..........             (no amulet)
HPRegen  0.17/turn              k - ring of attention (curse)
MPRegen  0.11/turn              t - +6 ring of intelligence

@: mighty, heroism
A: negative energy resistance 1, electricity resistance, unbreathing,
petrification resistance, rot immunity, AC +6
a: Heroism, Renounce Religion


You were on level 8 of the Dungeon.
You worshipped Okawaru.
Okawaru was pleased with you.
You were not hungry.

You visited 1 branch of the dungeon, and saw 8 of its levels.

You collected 363 gold pieces.

Inventory:

Hand Weapons
 a - a +0 flail (weapon)
Armour
 b - a +0 scale mail (worn)
 c - a +0 kite shield
 p - a +0 buckler (worn)
 A - a +1 pair of boots (worn)
Jewellery
 k - a cursed ring of attention (left hand)
 t - a +6 ring of intelligence (right hand)
 v - an uncursed ring of fire
Wands
 q - a wand of flame (9)
 u - a wand of random effects (22)
 w - a wand of iceblast (7)
Scrolls
 e - 2 scrolls of identify
 g - a scroll of amnesia {unknown}
 i - a scroll of fear
 j - 2 scrolls of enchant weapon {unknown}
 l - a scroll of magic mapping
 o - a scroll of random uselessness
 s - a scroll of fog {unknown}
 y - 3 scrolls of teleportation
 z - a scroll of noise {unknown}
Potions
 d - 3 potions of might
 h - 3 potions of magic
 m - 3 potions of degeneration
 n - 2 potions of lignification {unknown}
 r - 2 potions of flight
 x - 2 potions of curing
 C - a potion of haste {unknown}
Comestibles
 f - 3 rations
 B - 2 chunks of flesh


   Skills:
 - Level 3.2(8.2) Fighting
 + Level 12.1(17.1) Maces & Flails
 - Level 3.2(8.2) Armour
 - Level 3.2(8.2) Shields


You had 8 spell levels left.
You didn't know any spells.
Your spell library was empty.

Dungeon Overview and Level Annotations

Branches:
Dungeon (8/15)             Temple (0/1) D:6
   Lair: D:8-11

Altars:
Cheibriados
Elyvilon
Fedhas
Okawaru
Ru
Uskayaw
Xom

Shops:
D:6 %

Annotations:
D:6 2 transporters
D:8 Grum


Innate Abilities, Weirdness & Mutations

You are resistant to torment.
Your stone body is resilient. (AC +6)
You are immune to poison.
You resist negative energy. (rN+)
You are resistant to electric shocks. (rElec)
You can survive without breathing.
You are immune to petrification.
You are immune to rotting.


Message History

Press: ? - help, Shift-Dir - straight line, f - two-headed ogre
Aim: a two-headed ogre, wielding a +0 giant spiked club and a +0 giant club The puff of flame hits the two-headed ogre.
The two-headed ogre is lightly wounded.
A two-headed ogre comes into view. It is wielding two +0 giant clubs.
Evoke which item? (* to show all) (? for menu, Esc to quit)
Okay, then.
There is a stone staircase leading up here.
You climb upwards.
There is a stone staircase leading down here.
You climb downwards.
Level annotation: Grum The two-headed ogre hits you with a +0 giant club.
The two-headed ogre hits you with a +0 giant club!!
There is a stone staircase leading up here.
You feel very mighty all of a sudden.
The two-headed ogre hits you with a +0 giant club. x2
You gain the combat prowess of a mighty hero.
The two-headed ogre hits you with a +0 giant club!!
You die...

...... .......#.#.
#####.
......................#.
.(...#..................
.
.................#......
..
.......#.........#.)....
...
.......#.........#......
....
..........?.#....#......
.....
............#....#....>#
.......@O...#...........
......O.##..............
........##............(.
........##O.............
#+#.....##......#.O.####
#...####......#...#
#...####.O#####...##
..............+...'#
.#######..####...####


You could see 2 two-headed ogres.

Vanquished Creatures
  A hungry ghost (D:8)
  3 sky beasts
  A necrophage (D:8)
  An ogre (D:7)
  A centaur (D:6)
  3 wolves (D:7)
  A big kobold (D:8)
  3 bullfrogs
  A scorpion (D:8)
  A killer bee (D:8)
  4 crimson imps
  A quasit (D:8)
  6 hounds
  A jelly (D:4)
  An orc priest (D:8)
  5 orc wizards
  2 iguanas
  4 worker ants
  A worker ant zombie (D:5)
  A gnoll (D:1)
  13 adders
  2 adder zombies
  4 oozes
  3 worms
  A dart slug (D:1)
  3 leopard geckos
  22 orcs
  7 giant cockroaches
  10 goblins
  13 hobgoblins
  3 jackals (D:2)
  9 kobolds
  4 quokkas
  3 ball pythons
  5 bats
  5 frilled lizards
  12 rats
161 creatures vanquished.

Notes
Turn   | Place    | Note
-------+----------+-------------------------------------------
     0 | D:1      | Delamore the Gargoyle Fighter began the quest for the Orb.
     0 | D:1      | Reached XP level 1. HP: 14/14 MP: 1/1
   143 | D:1      | Reached XP level 2. HP: 19/19 MP: 2/2
   213 | D:1      | Reached skill level 3 in Maces & Flails
   375 | D:1      | Reached XP level 3. HP: 23/23 MP: 3/3
   535 | D:1      | Reached skill level 4 in Maces & Flails
   714 | D:1      | Reached XP level 4. HP: 28/28 MP: 4/4
  1056 | D:2      | Found a white marble altar of Elyvilon.
  1637 | D:2      | Reached skill level 5 in Maces & Flails
  1806 | D:2      | Reached XP level 5. HP: 32/32 MP: 5/5
  2532 | D:3      | Reached skill level 6 in Maces & Flails
  2706 | D:3      | Reached XP level 6. HP: 37/37 MP: 6/6
  2851 | D:3      | Found an iron altar of Okawaru.
  2866 | D:3      | Became a worshipper of Warmaster Okawaru
  2905 | D:3      | Found a snail-covered altar of Cheibriados.
  3469 | D:4      | You fall into a shaft and drop 1 floor!
  3469 | D:5      | Entered Level 5 of the Dungeon
  3902 | D:4      | Reached skill level 7 in Maces & Flails
  4411 | D:4      | Found a sacrificial altar of Ru.
  4440 | D:4      | Reached XP level 7. HP: 35/41 MP: 7/7
  4928 | D:5      | Reached skill level 8 in Maces & Flails
  4989 | D:5      | Found a hide-covered altar of Uskayaw.
  5006 | D:5      | Found a shimmering altar of Xom.
  5113 | D:5      | Reached * piety under Okawaru
  5367 | D:6      | Found a transporter.
  5738 | D:6      | Found a staircase to the Ecumenical Temple.
  5829 | D:6      | Found Paozysy's Food Shoppe.
  5873 | D:6      | Found a transporter.
  5882 | D:6      | Reached skill level 9 in Maces & Flails
  5882 | D:6      | Reached XP level 8. HP: 39/46 MP: 8/8
  6696 | D:8      | Noticed Grum
  6715 | D:7      | Reached skill level 10 in Maces & Flails
  6934 | D:8      | Noticed a two-headed ogre
  7004 | D:8      | Reached ** piety under Okawaru
  7257 | D:8      | Reached skill level 11 in Maces & Flails
  7333 | D:8      | Reached XP level 9. HP: 51/51 MP: 9/9
  7450 | D:8      | Found a blossoming altar of Fedhas.
  7654 | D:8      | Reached skill level 12 in Maces & Flails
  7689 | D:8      | Noticed a two-headed ogre
  7766 | D:8      | Slain by a two-headed ogre

Illustrated notes

Levels and vault maps discovered:
D:1:      grunt_arrival_crossed_arrows, layout_loops_corners
D:2:      layout_basic, nicolae_overflow_crystal_walls
D:3:      layout_loops_ring, okawaru_gym_becter, cheibriados_altar_1,
          first_ration
D:4:      minmay_spotlight, layout_cave_pools, lemuel_coloured_pillars_altar,
          mrwooster_statue_mirror
D:5:      layout_rooms, marbit_many_paths, led_xom_imps
D:6:      gammafunk_cloud_chamber, layout_cave_pools,
          minmay_temple_entry_drinking_statues, serial_shops, shop_fountains
D:7:      layout_rooms
D:8:      layout_basic, kennysheep_mini_moat, david_nohive_1, uniq_psyche,
          uniq_maggie, uniq_grum

Skill      XL: |  1  2  3  4  5  6  7  8  9 |
---------------+----------------------------+-----
Maces & Flails | 3 4 5 6 7 9 11 12 | 12.1
Fighting       | |  3.2
Armour         | |  3.2
Shields        | |  3.2

Action                   |  1- 3 |  4- 6 |  7- 9 || total
-------------------------+-------+-------+-------++-------
Melee: Flail             |   113 |   347 |   370 ||   830
Invok: Heroism           |       |       |     2 ||     2
Evoke: Wand              |       |     2 |     1 ||     3
  Use: Potion            |       |     2 |     3 ||     5
       Scroll            |       |       |     5 ||     5
  Eat: Chunk             |       |    10 |    10 ||    20
       Ration            |       |     1 |     4 ||     5
Armor: Scale mail        |    48 |   176 |   223 ||   447
Dodge: Dodged            |    38 |   121 |   143 ||   302
Block: Kite shield       |    51 |   142 |       ||   193
       Buckler           |       |    22 |    38 ||    60
